 Dungeon Crawl Stone Soup version 0.29.0-4-gdea44cf6ec (webtiles) character file.

Game seed: 13419645342802723300

23 qw the Caller (level 3, -4/28 HPs)
             Began as a Ghoul Summoner on Sept 10, 2022.
             Slain by a sky beast (5 damage)
             ... on level 3 of the Dungeon.
             The game lasted 00:00:29 (1872 turns).

qw the Caller (Ghoul Summoner)                      Turns: 1872, Time: 00:00:30

Health: -4/28      AC: 11    Str: 13    XL:     3   Next: 0%
Magic:  4/4        EV:  5    Int: 10    God:
Gold:   77         SH:  0    Dex:  9    Spells: 4/5 levels left

rFire   + . .      SeeInvis .   Y - +0 hand axe
rCold   + . .      Faith    .   (no shield)
rNeg    + + +      Spirit   .   n - +0 chain mail
rPois   inf        Reflect  .   m - +2 helmet
rElec   .          Harm     .   (no cloak)
rCorr   +          Rampage  .   (no gloves)
Will    .....                   (no boots)
Stlth   ..........              f - amulet of the acrobat
HPRegen 0.00/turn               g - ring of protection from fire
MPRegen 0.09/turn               c - ring of resist corrosion

@: inhibited regen
A: claws 1, cold resistance 1, negative energy resistance 3, inhibited
regeneration, torment resistance 2, devour on kill
a: no special abilities


You were on level 3 of the Dungeon.
You visited 1 branch of the dungeon, and saw 3 of its levels.

You collected 101 gold pieces.
You spent 24 gold pieces at shops.


Innate Abilities, Weirdness & Mutations

You are immune to poison.
You have sharp fingernails.
Your flesh is cold resistant. (rC+)
You are immune to negative energy. (rN+++)
You do not regenerate when monsters are visible.
You are immune to unholy pain and torment.
You thrive by killing the living.


   Skills:
 - Level 1.0 Fighting
 - Level 2.0 Axes
 + Level 0.0 Armour
 - Level 1.7 Dodging
 - Level 2.1 Stealth
 - Level 1.7 Spellcasting
 - Level 3.6 Summonings


You had 4 spell levels left.
You knew the following spells:

 Your Spells              Type           Power      Damage    Failure   Level
a - Summon Small Mammal   Summ           32%        N/A       95%         1

Your spell library contained the following spells:

 Spells                   Type           Power      Damage    Failure   Level
 Call Imp                 Summ           8%         N/A       99%         2
 Call Canine Familiar     Summ           8%         N/A       100%        3
 Summon Guardian Golem    Hex/Summ       4%         N/A       100%        3
 Summon Lightning Spire   Summ/Air       4%         N/A       100%        4

Inventory:

Hand Weapons
 h - a +1 club
 Y - a +0 hand axe (weapon)
Armour
 m - a +2 helmet (worn)
 n - a +0 chain mail (worn)
Jewellery
 c - a ring of resist corrosion (right claw)
 f - an amulet of the acrobat (around neck)
 g - a ring of protection from fire (left claw)
Scrolls
 a - a scroll of blinking {unknown}
 i - a scroll of identify
Potions
 b - a potion of curing
 d - a potion of heal wounds {unknown}
 k - a potion of haste
 l - a potion of invisibility {unknown}

Dungeon Overview and Level Annotations

Branches:
Dungeon (3/15)

Altars:

Shops:
D:1 ?!


Message History

Your extra speed is starting to run out.
You see here a +1 dagger of venom.
You feel yourself slow down.
A sky beast comes into view.
The sky beast flickers out of sight!
Deactivating autopickup; reactivate with Ctrl-A.
You swing at nothing.
You swing at nothing.
You swing at nothing.
A sky beast appears from thin air!
Reactivating autopickup.
You hit the sky beast.
The sky beast is lightly wounded.
The sky beast hits you but does no damage.
The sky beast barely misses you.
You hit the sky beast but do no damage.
The sky beast is lightly wounded.
The sky beast hits you. The sky beast shocks you.
You hit the sky beast but do no damage.
The sky beast is lightly wounded.
The sky beast hits you but does no damage.
You hit the sky beast but do no damage.
The sky beast is lightly wounded.
The sky beast barely misses you.
You closely miss the sky beast.
The sky beast is lightly wounded.
The sky beast flickers out of sight!
Deactivating autopickup; reactivate with Ctrl-A.
Something hits you. Something shocks you.
You closely miss something. Something hits you. Something shocks you.
Something hits you but does no damage.
You miss something. Something hits you but does no damage.
You closely miss something. Something hits you but does no damage.
You closely miss something. Something hits you but does no damage.
You barely miss something. Something hits you. Something shocks you.
You die...

#. #.# #. #
#.# #. #.#.#
#. #.#.## #.
....# #.
####..# #
#{##.....##.#
#.@......<..#
###.#....####
#.#.#..#
##...#.#
###.##.#
#....).#
#.#.####
#.#.# #.#.#


There were no monsters in sight!

Vanquished Creatures
  3 ball pythons
  An endoplasm (D:1)
  A giant cockroach (D:1)
  4 goblins
  A hobgoblin (D:1)
  2 rats (D:1)
12 creatures vanquished.

Vanquished Creatures (collateral kills)
  5 endoplasms
  A goblin (D:2)
  A ball python (D:1)
  A bat (D:1)
8 creatures vanquished.

Grand Total: 20 creatures vanquished

Notes
Turn   | Place    | Note
-------+----------+-------------------------------------------
     0 | D:1      | qw the Ghoul Summoner began the quest for the Orb.
     0 | D:1      | Reached XP level 1. HP: 14/14 MP: 2/2
     0 | D:1      | 0 ||| qw: Version: 0.1-a-116-g5d60599
     0 | D:1      | 0 ||| qw: Game counter: 7511
     0 | D:1      | 0 ||| qw: Always use a shield: true
     0 | D:1      | 0 ||| qw: God list: Okawaru
     0 | D:1      | 0 ||| qw: Allow faded altars: false
     0 | D:1      | 0 ||| qw: Do Orc after D:15 true
     0 | D:1      | 0 ||| qw: Do second Lair branch before Depths: true
     0 | D:1      | 0 ||| qw: Lair rune preference: random
     0 | D:1      | 0 ||| qw: Plans: Normal
     0 | D:1      | 0 ||| PLANNING D:1-11
    35 | D:1      | 35 ||| CASTING Summon Small Mammal
    36 | D:1      | 36 ||| CASTING Summon Small Mammal
    65 | D:1      | 65 ||| CASTING Summon Small Mammal
    66 | D:1      | 66 ||| CASTING Summon Small Mammal
    93 | D:1      | 93 ||| Wielding weapon +0 club.
   133 | D:1      | 133 ||| CASTING Summon Small Mammal
   134 | D:1      | 134 ||| CASTING Summon Small Mammal
   138 | D:1      | Reached skill level 1 in Axes
   163 | D:1      | 163 ||| CASTING Summon Small Mammal
   164 | D:1      | 164 ||| CASTING Summon Small Mammal
   200 | D:1      | Found Uthups's Distillery.
   203 | D:1      | 203 ||| CASTING Summon Small Mammal
   204 | D:1      | 204 ||| CASTING Summon Small Mammal
   233 | D:1      | 233 ||| SHOPLISTING potion of curing (39 gold, have 13).
   233 | D:1      | 233 ||| SHOPLISTING potion of haste (130 gold, have 13).
   233 | D:1      | 233 ||| SHOPLISTING potion of heal wounds (65 gold, have
                  | 13).
   237 | D:1      | 237 ||| CASTING Summon Small Mammal
   238 | D:1      | 238 ||| CASTING Summon Small Mammal
   245 | D:1      | Reached skill level 1 in Fighting
   245 | D:1      | Reached XP level 2. HP: 23/23 MP: 0/3
   249 | D:1      | 249 ||| CASTING Summon Small Mammal
   297 | D:1      | 297 ||| CASTING Summon Small Mammal
   298 | D:1      | 298 ||| CASTING Summon Small Mammal
   299 | D:1      | 299 ||| CASTING Summon Small Mammal
   409 | D:1      | 409 ||| CASTING Summon Small Mammal
   410 | D:1      | 410 ||| CASTING Summon Small Mammal
   411 | D:1      | 411 ||| CASTING Summon Small Mammal
   421 | D:1      | 421 ||| CASTING Summon Small Mammal
   488 | D:1      | Found a faded altar of an unknown god.
   499 | D:1      | Found Wotuzaup's Magic Scroll Shoppe.
   506 | D:1      | 506 ||| BUYING scroll of identify (24 gold).
   506 | D:1      | Bought a scroll of identify for 24 gold pieces
   506 | D:1      | 506 ||| SHOPLISTING scroll of identify (24 gold, have 20).
   506 | D:1      | 506 ||| SHOPLISTING scroll of teleportation (36 gold, have
                  | 20).
   605 | D:1      | 605 ||| CASTING Summon Small Mammal
   606 | D:1      | 606 ||| CASTING Summon Small Mammal
   607 | D:1      | 607 ||| CASTING Summon Small Mammal
   646 | D:1      | 646 ||| CASTING Summon Small Mammal
   647 | D:1      | 647 ||| CASTING Summon Small Mammal
   648 | D:1      | 648 ||| CASTING Summon Small Mammal
   706 | D:1      | 706 ||| CASTING Summon Small Mammal
   707 | D:1      | 707 ||| CASTING Summon Small Mammal
   708 | D:1      | 708 ||| CASTING Summon Small Mammal
   948 | D:1      | 948 ||| DROPPING scarf of harm.
   949 | D:1      | 949 ||| UPGRADING to ring of protection from fire.
   950 | D:1      | 950 ||| READING scroll labelled VECZUO REROXI.
   951 | D:1      | 951 ||| READING scroll labelled DOVOKHL JAQAATT.
   952 | D:1      | 952 ||| DROPPING potion of magic.
   979 | D:2      | 979 ||| CASTING Summon Small Mammal
   980 | D:2      | 980 ||| CASTING Summon Small Mammal
   981 | D:2      | 981 ||| CASTING Summon Small Mammal
  1032 | D:2      | 1032 ||| Stepping ~*~*~tactically~*~*~ (stealth).
  1036 | D:2      | 1036 ||| CASTING Summon Small Mammal
  1037 | D:2      | 1037 ||| CASTING Summon Small Mammal
  1038 | D:2      | 1038 ||| CASTING Summon Small Mammal
  1136 | D:2      | 1136 ||| SWAPPING to +0 hand axe.
  1367 | D:2      | 1367 ||| CASTING Summon Small Mammal
  1400 | D:2      | 1400 ||| CASTING Summon Small Mammal
  1401 | D:2      | 1401 ||| CASTING Summon Small Mammal
  1402 | D:2      | 1402 ||| CASTING Summon Small Mammal
  1404 | D:2      | Reached XP level 3. HP: 28/28 MP: 0/4
  1783 | D:2      | 1783 ||| UPGRADING to +2 helmet.
  1788 | D:2      | 1788 ||| UPGRADING to +0 chain mail.
  1798 | D:2      | 1798 ||| DROPPING +0 robe.
  1799 | D:2      | 1799 ||| UPGRADING to amulet of the acrobat.
  1804 | D:2      | 1804 ||| UPGRADING to ring of resist corrosion.
  1805 | D:2      | 1805 ||| READING scroll labelled OBRUANW ETUTAH.
  1806 | D:2      | 1806 ||| READING scroll labelled SYAGEH DOTE.
  1809 | D:2      | 1809 ||| DRINKING 2 fizzy silvery potions.
  1810 | D:2      | 1810 ||| READING 2 scrolls of identify.
  1810 | D:2      | 1810 ||| IDENTIFYING metallic silvery potion
  1859 | D:3      | Noticed a sky beast
  1868 | D:3      | HP: 3/28 [something (6)]
  1872 | D:3      | HP: 1/28 [something (2)]
  1872 | D:3      | Slain by a sky beast

Levels and vault maps discovered:
D:1:      lightli_arrival_statue_moat, layout_loops_cross, serial_shops, shop,
          shop, basic_ecumenical_altar
D:2:      layout_loops_ring, corner_web_ring
D:3:      layout_loops_ring, uniq_sigmund

Skill      XL: |  1  2 |
---------------+-------+-----
Axes           | 1 2 |  2.0
Fighting       | 1 |  1.0
Dodging        | |  1.7
Stealth        | |  2.1
Spellcasting   | |  1.7
Summonings     | |  3.6

Action                   || total
-------------------------++-------
Melee: Unarmed           ||     6
       Club              ||    16
       Hand axe          ||    17
 Cast: Summon Small Mamm ||    37
  Use: Scroll            ||     5
       Potion            ||     1
 Stab: Distracted        ||     1
Armor: Robe              ||     6
       Chain mail        ||     6
Dodge: Dodged            ||    22

Table legend:
 A = Non-vault XP
 B = Vault XP
 C = Vault XP percentage of total XP
 D = Non-vault monster count
 E = Vault monster count
 F = Vault count percentage of total count
                 A         B        C        D         E       F
            +---------+---------+-------+---------+---------+-------
      Total |      34 |       0 |   0.0 |      20 |       0 |   0.0
            +---------+---------+-------+---------+---------+-------
        D:1 |      25 |       0 |   0.0 |      15 |       0 |   0.0
        D:2 |       9 |       0 |   0.0 |       5 |       0 |   0.0
            +---------+---------+-------+---------+---------+-------
